 Dungeon Crawl Stone Soup version 0.30.0-19-g36f170ea60 (webtiles) character file.

Game seed: 8818005242578592552

1386 Diggabert the Poker (level 9, 0/102 HPs)
             Began as a Formicid Fighter on June 1, 2023.
             Was a Follower of the Shining One.
             Slain by a killer bee (4 damage)
             ... on level 6 of the Dungeon.
             The game lasted 00:10:10 (4387 turns).

Diggabert the Poker (Formicid Fighter)              Turns: 4387, Time: 00:10:12

Health: 0/102      AC: 24    Str: 25    XL:     9   Next: 0%
Magic:  9/11       EV:  2    Int:  8    God:    the Shining One [*.....]
Gold:   219        SH: 10    Dex: 13    Spells: 8/8 levels left

rFire   + . .        A - +0 halberd
rCold   . . .        F - +0 kite shield
rNeg    . . .        c - melded +0 plate armour
rPois   +            (helmet unavailable)
rElec   .            j - melded +1 cloak
rCorr   .            (gloves currently unavailable)
SInv    .            (boots currently unavailable)
Will    .....        (no amulet)
Stlth   +            l - +5 ring of evasion
HPRegen 0.37/turn    C - ring of protection from fire
MPRegen 0.12/turn

%: no passive effects
@: lethally poisoned (0 -> -18), tree-form, glowing
A: stationary, stasis, torment immunity, boosted hp, permanent stasis, dig
shafts and tunnels, (antennae 3), four strong arms
a: Renounce Religion, Divine Shield


You were on level 6 of the Dungeon.
You worshipped the Shining One.
The Shining One was aware of your devotion.
You were a tree.
You visited 2 branches of the dungeon, and saw 7 of its levels.

You collected 219 gold pieces.

Inventory:

Hand Weapons
 a - a +0 trident
 A - a +0 halberd (weapon)
Missiles
 e - 4 javelins
 m - 2 poisoned darts (quivered)
Armour
 c - a +0 plate armour (melded)
 j - a +1 cloak (melded)
 F - a +0 kite shield (worn)
Jewellery
 b - a ring of magical power
 l - a +5 ring of evasion (left branch)
 B - a +6 ring of dexterity
 C - a ring of protection from fire (right branch)
 D - a ring of ice
Wands
 s - a wand of mindburst (19)
 w - a wand of iceblast (26)
Scrolls
 h - 2 scrolls of poison {unknown}
 i - 2 scrolls of enchant armour
 k - a scroll of immolation {unknown}
 o - a scroll of amnesia {unknown}
 p - a scroll of brand weapon {unknown}
 q - 2 scrolls of teleportation {unknown}
 r - a scroll of fear {unknown}
 u - a scroll of magic mapping {unknown}
 v - a scroll of acquirement {unknown}
 y - a scroll of fog {unknown}
Potions
 d - 2 potions of might
 f - a potion of flight {unknown}
 g - 3 potions of resistance
 n - a potion of lignification
 t - 2 potions of mutation
 x - 2 potions of berserk rage {unknown}
 z - a potion of brilliance {unknown}
 E - a potion of curing {unknown}
 G - a potion of degeneration {unknown}


   Skills:
 * Level 5.3 Fighting
 * Level 6.9 Polearms
 * Level 5.4 Armour
 * Level 2.7 Dodging
 * Level 6.4 Shields
 * Level 2.7 Invocations


You had 8 spell levels left.
You didn't know any spells.
Your spell library contained the following spells:

 Spells                   Type           Power      Damage    Failure   Level
 Summon Small Mammal      Summ           0%         N/A       63%         1
 Call Canine Familiar     Summ           0%         N/A       94%         3
 Summon Guardian Golem    Hex/Summ       0%         N/A       94%         3
 Tukima's Dance           Hex            0%         N/A       94%         3
 Passage of Golubria      Tloc           0%         N/A       100%        4
 Yara's Violent Unravell  Hex/Tmut       0%         3d3       100%        5


Dungeon Overview and Level Annotations

Branches:
Dungeon (6/15)             Temple (1/1) D:4

Altars:
Ashenzari
Cheibriados
Dithmenos
Elyvilon
Fedhas
Hepliaklqana
Kikubaaqudgha
Makhleb
Nemelex Xobeh
Okawaru
Qazlal
Ru
Sif Muna
Trog
Vehumet
Xom
Yredelemnul
Zin
The Shining One

Shops:
D:2 [   D:6 !


Innate Abilities, Weirdness & Mutations

You are a tree.
Your roots penetrate the ground, keeping you stationary.
You cannot be teleported.
You are immune to unholy pain and torment.
Your maximum health is greatly increased.
Your equipment is partially melded.
You cannot be hasted, slowed, berserked, paralysed or teleported.
You can dig through walls and to a lower floor.
((You have a pair of large antennae on your head. (SInv)))
Your four strong arms can wield two-handed weapons with a shield.


Message History

You feel sick.
You are no longer poisoned.
You slice the sky beast!!
The sky beast is severely wounded.
You block the sky beast's attack. x2
You barely miss the sky beast.
The sky beast is severely wounded.
You block the sky beast's attack.
You slash the sky beast!
You kill the sky beast!
You have reached level 9!
Your experience leads to an increase in your attributes!
Increase (S)trength, (I)ntelligence, or (D)exterity?
You feel stronger. x2
A killer bee comes into view.
The killer bee buzzes angrily.
A killer bee comes into view.
The killer bee buzzes angrily.
You closely miss the killer bee. The killer bee barely misses you.
You block the killer bee's attack.
You hit the killer bee.
The killer bee is moderately wounded.
You block the killer bee's attack. The killer bee stings you.
* * * LOW HITPOINT WARNING * * *
You are poisoned.
The killer bee poisons you! The killer bee stings you.
* * * LOW HITPOINT WARNING * * *
You are lethally poisoned!
The killer bee poisons you! The killer bee stings you.
* * * LOW HITPOINT WARNING * * *
You are more poisoned.
The killer bee poisons you! The killer bee misses you.
You turn into a tree.
Your +1 cloak melds into your body.
Your +0 plate armour melds into your body.
Your roots penetrate the ground.
* * * LOW HITPOINT WARNING * * *
You feel very sick.
The killer bee stings you but does no damage.
The killer bee stings you.
You die...

#. ##...≈≈≈.....
..## ##.~~~≈≈### ..
.... #...∩≈≈..###..
....
######.~≈~≈≈.......
#.
.#.......≈≈≈.......
..##
....................
....
#.#.............#..
##..
#..#######....yy# .
#... ## ###.)♣†#
#.## #....# ..
#..........#
###.#.......
#.........
?.........
.#.(.......
.#......... #
..........


You could see 2 killer bees.

Vanquished Creatures
  A sky beast (D:6)
  An ogre (D:6)
  2 phantoms
  3 scorpions
  A necrophage (D:5)
  2 killer bees (D:6)
  A howler monkey (D:6)
  6 hounds
  2 sleepcaps (D:6)
  Jessica (D:3)
  3 iguanas
  Ijyb (D:3)
  A hound skeleton (D:5)
  12 gnolls
  9 adders
  A shadow imp (D:4)
  2 ufetubi
  2 worms (D:2)
  5 dart slugs
  6 orcs
  3 ball pythons
  7 bats
  9 endoplasms
  3 giant cockroaches (D:3)
  7 goblins
  9 hobgoblins
  4 jackals (D:2)
  A quokka (D:3)
  4 frilled lizards
  10 kobolds
  3 rats
122 creatures vanquished.

Vanquished Creatures (others)
  A hobgoblin (D:4)
1 creature vanquished.

Grand Total: 123 creatures vanquished

Notes
Turn   | Place    | Note
-------+----------+-------------------------------------------
     0 | D:1      | Diggabert the Formicid Fighter began the quest for the Orb.
     0 | D:1      | Reached XP level 1. HP: 18/18 MP: 1/1
   206 | D:1      | Reached XP level 2. HP: 24/24 MP: 2/2
   276 | D:1      | Reached XP level 3. HP: 26/29 MP: 3/3
   670 | D:2      | Found Qewom's Armour Emporium.
   738 | D:2      | Reached XP level 4. HP: 31/37 MP: 4/4
   818 | D:2      | Reached skill level 1 in Dodging
   861 | D:2      | Found a faded altar of an unknown god.
  1038 | D:2      | Found a blossoming altar of Fedhas.
  1284 | D:2      | Reached XP level 5. HP: 39/42 MP: 5/5
  1327 | D:3      | Found a shimmering blue altar of Sif Muna.
  1599 | D:3      | Reached skill level 5 in Shields
  1605 | D:3      | Noticed Ijyb
  1620 | D:3      | Killed Ijyb
  1621 | D:3      | Reached XP level 6. HP: 4/48 MP: 6/6
  1841 | D:3      | Noticed Jessica
  1854 | D:3      | Killed Jessica
  2438 | D:4      | Found a staircase to the Ecumenical Temple.
  2443 | Temple   | Entered the Ecumenical Temple
  2710 | Temple   | Became a worshipper of the Shining One
  2928 | D:4      | Reached XP level 7. HP: 55/55 MP: 7/7
  3328 | D:5      | Entered Level 5 of the Dungeon
  3423 | D:5      | Reached skill level 5 in Polearms
  3596 | D:5      | Reached skill level 1 in Invocations
  3860 | D:5      | Found a sacrificial altar of Ru.
  3947 | D:5      | Reached XP level 8. HP: 60/61 MP: 9/9
  3981 | D:5      | Found a burning altar of Makhleb.
  4108 | D:5      | Found a hazy altar of Hepliaklqana.
  4108 | D:5      | Found a glowing silver altar of Zin.
  4211 | D:6      | Reached skill level 5 in Armour
  4234 | D:6      | Reached * piety under the Shining One
  4284 | D:6      | Found Umoqece's Distillery.
  4299 | D:6      | Reached skill level 5 in Fighting
  4381 | D:6      | Reached XP level 9. HP: 19/68 MP: 9/11
  4387 | D:6      | HP: 4/102 [poisoned by a killer bee]
  4387 | D:6      | Slain by a killer bee

Illustrated notes

Levels and vault maps discovered:
D:1:      minmay_arrival_radiant_lines, layout_basic,
          minmay_misc_feat_four_crosses
D:2:      layout_rooms, ebering_ecumenical_altar_sacrificial, serial_shops,
          nicolae_shop_hallway_stairs, basic_altar
D:3:      layout_rooms, amcnicky_altar_gilded, st_stairs_11,
          minmay_misc_feat_rugged, minmay_large_rounded_square,
          minmay_goblin_kobold_house, uniq_ijyb, uniq_jessica
D:4:      layout_loops_cross, minmay_temple_entry_drinking_statues
D:5:      wad_pebble_path, layout_rooms, makhleb_blood_cavern_becter,
          nicolae_ru_path_of_blood, gammafunk_temple_overflow_elements,
          chequers_serial_rivers_small_3
D:6:      layout_rooms, serial_shops, nicolae_shop_waterfront
Temple:   minmay_temple_curvy_branch

Skill      XL: |  1  2  3  4  5  6  7  8 |
---------------+-------------------------+-----
Dodging        | 1 2 |  2.7
Polearms       | 3 4 5 6 |  6.9
Fighting       | 4 5 |  5.3
Armour         | 4 5 |  5.4
Shields        | 5 6 |  6.4
Invocations    | 1 2 |  2.7

Action                     |  1- 3 |  4- 6 |  7- 9 || total
---------------------------+-------+-------+-------++-------
  Melee: Trident           |    78 |   236 |    65 ||   379
         Halberd           |       |       |    97 ||    97
    Use: Scroll            |     1 |     2 |     2 ||     5
         Potion            |       |       |     1 ||     1
 Armour: Scale mail        |    27 |    68 |     1 ||    96
         Chain mail        |       |       |    33 ||    33
         Plate armour      |       |       |    21 ||    21
         Skin              |       |       |     1 ||     1
  Dodge: Dodged            |    20 |   183 |    89 ||   292
  Block: Buckler           |    13 |    56 |    30 ||    99
         Kite shield       |       |       |    29 ||    29
